 Dungeon Crawl Stone Soup version 0.28.0-62-gf88900778d (webtiles) character file.

Game seed: 5385675500770175321

1197 cbfl8 the Chopper (level 8, 0/71 HPs)
             Began as a Minotaur Chaos Knight on Jan 18, 2024.
             Was a Plaything of Xom.
             Slain by Duvessa
             ... wielding a +0 short sword
              (6 damage)
             ... on level 5 of the Dungeon.
             The game lasted 00:04:49 (5443 turns).

cbfl8 the Chopper (Minotaur Chaos Knight)           Turns: 5443, Time: 00:04:50

Health: 0/71       AC:  6    Str: 17    XL:     8   Next: 20%
Magic:  7/7        EV: 10    Int:  9    God:    Xom [.*....]
Gold:   1394       SH:  0    Dex: 12    Spells: 7/7 levels left

rFire   . . .      SeeInvis .   a - +0 hand axe (chaos)
rCold   . . .      Faith    .   (no shield)
rNeg    . . .      Spirit   .   e - +0 ring mail
rPois   .          Reflect  .   (helmet restricted)
rElec   .          Harm     .   (no cloak)
rCorr   .          Rampage  .   (no gloves)
Will    .....                   (no boots)
Stlth   +.........              (no amulet)
HPRegen 0.21/turn               (no ring)
MPRegen 0.10/turn               (no ring)

@: mighty, brilliant, cleaving
A: horns 2, retaliatory headbutt
a: Renounce Religion


You were on level 5 of the Dungeon.
You worshipped Xom.
You were a plaything of Xom.
You visited 1 branch of the dungeon, and saw 5 of its levels.

You collected 1394 gold pieces.

Inventory:

Hand Weapons
 a - a +0 hand axe of chaos (weapon)
Armour
 e - a +0 ring mail (worn)
Wands
 b - a wand of digging (5)
Potions
 d - 3 potions of lignification {unknown}
 g - a potion of mutation {unknown}
 j - a potion of brilliance {unknown}
 k - 2 potions of resistance {unknown}


   Skills:
 + Level 6.5 Fighting
 + Level 7.8 Axes
 + Level 6.2 Armour
 - Level 1.1 Dodging
 * Level 3.7 Evocations


You had 7 spell levels left.
You didn't know any spells.
Your spell library contained the following spells:

 Spells                   Type           Power      Damage    Failure   Level
 Animate Skeleton         Necr           0%         N/A       56%         1
 Apportation              Tloc           0%         N/A       56%         1
 Slow                     Hex            0%         N/A       56%         1
 Summon Small Mammal      Summ           0%         N/A       56%         1
 Confusing Touch          Hex            0%         N/A       90%         3
 Dazzling Flash           Conj/Hex       0%         N/A       90%         3
 Vampiric Draining        Necr           0%         2d6       90%         3
 Iskenderun's Mystic Bla  Conj/Tloc      0%         2d3       100%        4
 Starburst                Conj/Fire      0%         6d3       100%        6
 Malign Gateway           Summ/Tloc      0%         N/A       100%        7
 Summon Horrible Things   Summ           0%         N/A       100%        8


Dungeon Overview and Level Annotations

Branches:
Dungeon (5/15)
 Temple: D:4-7

Altars:

Annotations:
D:4 2 transporters, Psyclone's ghost, weakling GnCj
D:5 Duvessa


Innate Abilities, Weirdness & Mutations

You have a pair of horns on your head.
You reflexively headbutt those who attack you in melee.


Message History

You hit Duvessa. You drain Duvessa.
Duvessa is severely wounded.
Xom grants you a minor favour.
You feel very mighty all of a sudden. Duvessa hits you but does no damage.
Duvessa hits you with a +0 short sword!
* * * LOW HITPOINT WARNING * * *
Unknown command.
Duvessa closely misses you. You furiously retaliate!
You headbutt Duvessa.
As you read the scroll labelled YLUNASTR ZIVA, it crumbles to dust.
You assume a fearsome visage.
Duvessa is unaffected.
The lemure looks frightened! x2; The bullfrog skeleton is unaffected.
It was a scroll of fear.
Duvessa barely misses you. "Go forth and destroy!"
Your +0 hand axe of chaos looks sharp (like it always does).
You are now a plaything of Xom.
Duvessa hits you with a +0 short sword.
* * * LOW HITPOINT WARNING * * *
Xom grants you a minor favour.
You feel clever all of a sudden.
You hear a shout! x2
An ufetubus comes into view.
The ufetubus shouts! "Hum-dee-hum-dee-hum..."
The bullfrog skeleton suddenly stops moving!
Duvessa closely misses you. You furiously retaliate!
You headbutt Duvessa, but do no damage. Duvessa completely misses you.
The ufetubus barely misses you.
The ufetubus hits you but does no damage.
Duvessa is no longer moving quickly.
Duvessa rages.
The ufetubus hits you.
* * * LOW HITPOINT WARNING * * *
The ufetubus misses you. Duvessa hits you with a +0 short sword.
* * * LOW HITPOINT WARNING * * *
The ufetubus hits you but does no damage.
The ufetubus hits you.
* * * LOW HITPOINT WARNING * * *
Duvessa hits you with a +0 short sword.
You die...

.)....)........#.....
....)................
..5....[.(...........
...............#####...
..)............<.....#
........Z......#######
.5.............#########
....#.#.#.#....#........
...$..........5e@...#
....#.#.#.#..####.#....#
.............# .# ###
...#.#.#.#... .#
............. ##
.#.#.#.#.....
.........##.


You could see Duvessa (berserk, agile, drained) and an ufetubus.

Vanquished Creatures
  Grinder (D:3)
  Sigmund (D:3)
  A wyvern (D:5)
  Eustachio (D:4)
  A sky beast (D:5)
  2 phantoms
  Dowan (D:5)
  A jelly (D:4)
  An orc priest (D:3)
  Jessica (D:3)
  Natasha (D:2)
  A hound skeleton (D:5)
  3 adders
  An adder skeleton (D:4)
  4 worms
  2 dart slugs
  3 orcs (D:3)
  8 ball pythons
  2 endoplasms
  4 giant cockroaches
  12 goblins
  3 hobgoblins
  9 kobolds
  4 quokkas
  4 bats
  5 frilled lizards
  A quokka skeleton (D:4)
  11 rats
89 creatures vanquished.

Notes
Turn   | Place    | Note
-------+----------+-------------------------------------------
     0 | D:1      | cbfl8 the Minotaur Chaos Knight began the quest for the
                  | Orb.
     0 | D:1      | Reached XP level 1. HP: 19/19 MP: 0/0
    14 | D:1      | XOM: potion effect (might)
   112 | D:1      | XOM: silly message
   127 | D:1      | Reached XP level 2. HP: 27/27 MP: 1/1
   168 | D:1      | Found a faded altar of an unknown god.
   393 | D:1      | Reached skill level 4 in Axes
   877 | D:2      | XOM: butterfly on damage
   882 | D:2      | Reached XP level 3. HP: 11/33 MP: 2/2
  1055 | D:2      | XOM: silly message
  1092 | D:2      | XOM: smoke on damage
  1290 | D:2      | Reached skill level 1 in Evocations
  1836 | D:2      | Identified the +2 mace "Ebilazxi" {vorpal, rC+}
  1836 | D:2      | XOM: divination: detect creatures
  2162 | D:3      | Noticed Grinder
  2162 | D:3      | Noticed Natasha
  2164 | D:3      | Noticed Sigmund
  2170 | D:2      | Killed Natasha
  2171 | D:2      | Reached XP level 4. HP: 11/41 MP: 3/3
  2287 | D:2      | XOM: god gift: 1233 gold pieces
  2828 | D:3      | Paralysed by Grinder for 7 turns
  3052 | D:2      | XOM: noise
  3083 | D:3      | XOM: enchant monster (good)
  3093 | D:3      | HP: 2/41 [Grinder (4)]
  3101 | D:3      | Killed Grinder
  3102 | D:3      | Reached skill level 5 in Fighting
  3102 | D:3      | Reached skill level 5 in Axes
  3102 | D:3      | Reached XP level 5. HP: 33/48 MP: 4/4
  3102 | D:3      | Reached XP level 6. HP: 38/56 MP: 5/5
  3262 | D:3      | XOM: 3-stop teleportation journey
  3461 | D:4      | Found a transporter.
  3464 | D:4      | Noticed Psyclone's ghost (weakling GnCj)
  3465 | D:4      | Found a transporter.
  3625 | D:4      | XOM: 6-stop teleportation journey
  3669 | D:4      | Noticed Eustachio
  3675 | D:4      | XOM: cast spell 'Leda's Liquefaction'
  3678 | D:4      | XOM: enchant monster (good)
  3681 | D:4      | Killed Eustachio
  3682 | D:4      | Reached skill level 6 in Axes
  4019 | D:3      | XOM: divination: detect creatures
  4038 | D:3      | HP: 2/84 [something (8)]
  4039 | D:3      | Killed Sigmund
  4040 | D:3      | Reached skill level 5 in Armour
  4040 | D:3      | Reached XP level 7. HP: 3/62 MP: 6/6
  4217 | D:3      | XOM: 1-stop teleportation journey
  4305 | D:3      | XOM: 3-stop teleportation journey
  4315 | D:3      | Reached skill level 7 in Axes
  4341 | D:3      | XOM: 2-stop teleportation journey
  4531 | D:3      | Noticed Jessica
  4536 | D:3      | Killed Jessica
  5097 | D:4      | XOM: silly message
  5307 | D:5      | Entered Level 5 of the Dungeon
  5310 | D:5      | Noticed a wyvern
  5310 | D:5      | a centaur changed into a wyvern
  5310 | D:5      | XOM: polymorph centaur -> wyvern
  5313 | D:5      | XOM: confuse monster(s)
  5316 | D:5      | XOM: cast spell 'Leda's Liquefaction'
  5320 | D:5      | Killed a wyvern
  5321 | D:5      | Reached XP level 8. HP: 39/71 MP: 7/7
  5411 | D:5      | Noticed Dowan
  5413 | D:5      | Noticed Duvessa
  5424 | D:5      | Killed Dowan
  5431 | D:5      | XOM: potion effect (might)
  5435 | D:5      | XOM: cleaving
  5436 | D:5      | XOM: potion effect (brilliance)
  5437 | D:5      | XOM: enchant monster (good)
  5443 | D:5      | Slain by Duvessa

Illustrated notes

Levels and vault maps discovered:
D:1:      amcnicky_arrival_blooded_trapdoor, layout_rooms,
          shapermc_ecumenical_altar_mp_ritualfount, serial_corexii_hall,
          chequers_hall_statues_wall_a, chequers_hall_statues_corner_a,
          corexii_hall_statues_x, chequers_hall_statues_wall_a,
          minmay_misc_feat_x, kennysheep_nondescript
D:2:      layout_basic, ebering_dispersal_statue_hall, mrwooster_statue_mirror
D:3:      layout_basic, dk_vineyard_1, uniq_sigmund, uniq_jessica, uniq_grinder,
          uniq_natasha
D:4:      layout_loops_cross, gammafunk_ghost_mausoleum, uniq_eustachio
D:5:      layout_rooms, minmay_temple_entry_proselytizer, serial_glass,
          glass_columns_c, glass_columns_a, item_on_display_a, feat_on_display,
          due_unseen_surprise, item_on_display_a, portal_sewer_entry_e,
          uniq_duvessa, uniq_pikel

Skill      XL: |  1  2  3  4  5  6  7  8 |
---------------+-------------------------+-----
Fighting       | 4 5 6 |  6.5
Axes           | 4 5 6 7 |  7.8
Evocations     | 1 2 3 |  3.7
Armour         | 3 4 5 6 |  6.2
Dodging        | |  1.1

Action                   |  1- 3 |  4- 6 |  7- 9 || total
-------------------------+-------+-------+-------++-------
Melee: Hand axe          |    87 |    82 |    81 ||   250
       Headbutt          |    10 |    16 |    18 ||    44
  Use: Scroll            |     3 |       |     2 ||     5
       Potion            |       |     3 |     2 ||     5
 Stab: Paralysed         |       |     3 |       ||     3
       Confused          |       |       |     1 ||     1
Armor: Leather armour    |    13 |       |       ||    13
       Ring mail         |    23 |    22 |    41 ||    86
Dodge: Dodged            |    30 |    18 |    34 ||    82
